 Dungeon Crawl Stone Soup version 0.31.0-4-g52a2dc7128 (webtiles) character file.

Game seed: 8348448320741559284

1411 PaiMei the Chopper (level 8, -1/73 HPs)
             Began as a Hill Orc Fighter on Jan 23, 2024.
             Succumbed to a water moccasin's poison
             ... on level 6 of the Dungeon.
             The game lasted 00:08:11 (7432 turns).

PaiMei the Chopper (Hill Orc Fighter)               Turns: 7432, Time: 00:08:11

Health: -1/73      AC: 10    Str: 21    XL:     8   Next: 70%
Magic:  8/8        EV:  9    Int:  8    God:
Gold:   250        SH:  5    Dex: 10    Spells: 7/7 levels left

rFire   . . .        a - +0 war axe
rCold   . . .        c - +0 buckler
rNeg    . . .        b - +0 scale mail
rPois   .            C - +0 helmet
rElec   .            (no cloak)
rCorr   .            A - +0 pair of gloves
SInv    .            (no boots)
Will    +....        (no amulet) Stlth
                     (no ring)
HPRegen 0.32/turn    (no ring)
MPRegen 0.11/turn

%: no passive effects
@: lethally poisoned (-1 -> -19), enlightened, flying
A: no striking features
a: no special abilities


You were on level 6 of the Dungeon.
You visited 1 branch of the dungeon, and saw 6 of its levels.

You collected 250 gold pieces.

Inventory:

Hand Weapons
 a - a +0 war axe (weapon)
Missiles
 r - 6 poisoned darts
 v - 2 curare-tipped darts
 w - 2 javelins (quivered)
Armour
 b - a +0 scale mail (worn)
 c - a +0 buckler (worn)
 A - a +0 pair of gloves (worn)
 C - a +0 helmet (worn)
Jewellery
 m - a +6 ring of strength
Talismans
 f - a beast talisman
 y - a flux talisman
Wands
 j - a wand of polymorph (11)
 p - a wand of flame (17)
Scrolls
 e - 2 scrolls of enchant armour {unknown}
 g - a scroll of fear {unknown}
 i - 3 scrolls of identify {unknown}
 k - a scroll of revelation {unknown}
 l - a scroll of amnesia {unknown}
 t - a scroll of noise {unknown}
 u - 2 scrolls of teleportation {unknown}
 x - a scroll of enchant weapon {unknown}
 B - a scroll of blinking {unknown}
Potions
 d - 2 potions of might
 h - a potion of berserk rage {unknown}
 n - 3 potions of enlightenment
 o - a potion of degeneration {unknown}
 q - 2 potions of curing {unknown}
 s - a potion of brilliance {unknown}
 z - a potion of haste {unknown}


   Skills:
 + Level 7.2 Fighting
 + Level 7.2 Axes
 + Level 6.6 Armour
 + Level 6.6 Shields


You had 7 spell levels left.
You didn't know any spells.
Your spell library contained the following spells:

 Spells                   Type           Power      Damage    Failure   Level
 Blink                    Tloc           0%         N/A       89%         2
 Ensorcelled Hibernation  Hex/Ice        0%         N/A       89%         2
 Lesser Beckoning         Tloc           0%         N/A       89%         2
 Momentum Strike          Conj/Tloc      0%         3d8       89%         2
 Fugue of the Fallen      Necr           0%         N/A       98%         3
 Gell's Gravitas          Tloc           0%         N/A       98%         3
 Teleport Other           Tloc           0%         N/A       98%         3
 Anguish                  Hex/Necr       0%         N/A       100%        4
 Animate Dead             Necr           0%         N/A       100%        4
 Borgnjor's Vile Clutch   Necr/Erth      0%         N/A       100%        5
 Death Channel            Necr           0%         N/A       100%        6
 Dispersal                Tloc           0%         N/A       100%        6


Dungeon Overview and Level Annotations

Branches:
Dungeon (6/15)
 Temple: D:4-7

Altars:
Cheibriados
Dithmenos
Elyvilon
Hepliaklqana
Xom

Shops:
D:2 [

Annotations:
D:6 Prince Ribbit


Message History

You feel very sick. You block the water moccasin's attack.
The water moccasin bites you but does no damage.
You closely miss the water moccasin.
The water moccasin is heavily wounded.
You feel very sick. The water moccasin closely misses you.
The water moccasin bites you but does no damage.
You barely miss the water moccasin.
The water moccasin is heavily wounded.
You feel very sick. The water moccasin closely misses you.
You miss the water moccasin.
The water moccasin is heavily wounded.
You feel sick.
The water moccasin bites you but does no damage.
The water moccasin bites you.
* * * LOW HITPOINT WARNING * * *
You are more poisoned.
The water moccasin poisons you!
You miss the water moccasin.
The water moccasin is heavily wounded.
You feel very sick. The water moccasin barely misses you.
The water moccasin completely misses you.
You hit the water moccasin but do no damage.
The water moccasin is heavily wounded.
You feel very sick. You block the water moccasin's attack.
You hit the water moccasin.
The water moccasin is severely wounded.
You feel very sick. You block the water moccasin's attack.
The water moccasin bites you!
* * * LOW HITPOINT WARNING * * *
You are more poisoned.
The water moccasin poisons you!
It was a potion of enlightenment.
You feel very buoyant.
You fly up into the air.
You die...

# #.### # #.# # #.#
#### #.### .^# #...#
#.# #########.#
#.####.........#
.....##.############.#
.#.#.##.........@S...#
...#.##.........######
##.#.###...#...>.###
...................#
<...###########..#.#
.#.........#.......#
.).##### #.#......##
##.# #.....#### #.#
###.#.#


You could see a water moccasin.

Vanquished Creatures
  Sigmund (D:5)
  A water moccasin (D:6)
  An acid dragon (D:5)
  An ogre (D:6)
  A bullfrog (D:5)
  2 scorpions (D:5)
  4 wights
  A bombardier beetle (D:5)
  2 hounds
  A jelly (D:5)
  3 iguanas
  Natasha (thrice) (D:2)
  2 orc wizards
  Ijyb (D:3)
  8 gnolls
  3 adders
  A shadow imp (D:6)
  A white imp (D:5)
  4 dart slugs
  2 ribbon worms
  11 orcs
  5 ball pythons
  3 bats
  6 endoplasms
  2 giant cockroaches (D:2)
  8 goblins
  10 hobgoblins
  6 jackals
  2 quokkas
  3 frilled lizards
  6 kobolds
  A rat (D:3)
106 creatures vanquished.

Notes
Turn   | Place    | Note
-------+----------+-------------------------------------------
     0 | D:1      | PaiMei the Hill Orc Fighter began the quest for the Orb.
     0 | D:1      | Reached XP level 1. HP: 19/19 MP: 1/1
   184 | D:1      | Reached XP level 2. HP: 27/27 MP: 2/2
   601 | D:2      | Reached XP level 3. HP: 30/33 MP: 3/3
   886 | D:2      | Noticed Natasha
   895 | D:2      | Killed Natasha
   896 | D:2      | Reached XP level 4. HP: 38/40 MP: 4/4
  1001 | D:2      | Found Ocul's Armour Emporium.
  1020 | D:2      | Noticed Natasha
  1036 | D:2      | Killed Natasha
  1360 | D:2      | Noticed Natasha
  1367 | D:2      | Killed Natasha
  1368 | D:2      | Reached XP level 5. HP: 41/47 MP: 5/5
  1602 | D:3      | Noticed Ijyb
  1614 | D:3      | Killed Ijyb
  2259 | D:3      | Reached skill level 5 in Fighting
  2677 | D:4      | Reached XP level 6. HP: 36/56 MP: 6/6
  3314 | D:4      | Found a shimmering altar of Xom.
  3509 | D:4      | Found a shadowy altar of Dithmenos.
  3561 | D:4      | Found a white marble altar of Elyvilon.
  3743 | D:5      | Entered Level 5 of the Dungeon
  3752 | D:5      | Reached skill level 5 in Axes
  4048 | D:5      | Reached skill level 5 in Armour
  4048 | D:5      | Reached skill level 5 in Shields
  4048 | D:5      | Reached XP level 7. HP: 58/61 MP: 7/7
  4750 | D:5      | Noticed Sigmund
  4756 | D:5      | Killed Sigmund
  4785 | D:5      | Found a snail-covered altar of Cheibriados.
  4818 | D:5      | Found a hazy altar of Hepliaklqana.
  5249 | D:5      | Reached XP level 8. HP: 71/71 MP: 8/8
  6225 | D:6      | HP: 3/62 [wight/+3 falchion (8)]
  6225 | D:6      | HP: 1/61 [wight/+3 falchion (2)]
  7177 | D:6      | Noticed Prince Ribbit
  7431 | D:6      | HP: 3/73 [water moccasin (8)]
  7432 | D:6      | Succumbed to a water moccasin's poison

Illustrated notes

Levels and vault maps discovered:
D:1:      sevenhm_arrival_forest_fort_small_3, layout_rooms
D:2:      layout_basic, serial_shops, shop, minmay_hexomino_f4, uniq_natasha
D:3:      layout_basic, uniq_ijyb
D:4:      layout_basic, nicolae_elyvilon_temple_path, xom_teletrap_fun,
          mainiacjoe_overflow_brackets
D:5:      minmay_general_purpose_star, layout_basic, old_standard_altar,
          worldfamousw_hep_ancestral_shrine, hangedman_decor_diamond_cutter,
          roderic_serpentine_path, uniq_sigmund
D:6:      layout_basic, uniq_prince_ribbit1

Skill      XL: |  1  2  3  4  5  6  7  8 |
---------------+-------------------------+-----
Axes           | 3 4 5 6 7 |  7.2
Fighting       | 4 5 6 7 |  7.2
Armour         | 4 5 6 |  6.6
Shields        | 4 5 6 |  6.6

Action                     |  1- 3 |  4- 6 |  7- 9 || total
---------------------------+-------+-------+-------++-------
  Melee: War axe           |    72 |   169 |   146 ||   387
    Use: Potion            |       |       |     1 ||     1
 Armour: Scale mail        |    68 |   139 |   111 ||   318
  Dodge: Dodged            |    38 |    74 |    53 ||   165
  Block: Buckler           |    16 |    29 |    38 ||    83
